 Dungeon Crawl Stone Soup version 0.20-a0-909-g1a4ba80 (webtiles) character file.

41 FrozenPanda the Chucker (level 3, 0/37 HPs)
             Began as an Ogre Hunter on Mar 22, 2017.
             Slain by a gnoll
             ... wielding a +0 spear
              (4 damage)
             ... on level 2 of the Dungeon.
             The game lasted 00:03:01 (1537 turns).

FrozenPanda the Chucker (Ogre Hunter)               Turns: 1537, Time: 00:03:01

Health: 0/37       AC:  3    Str: 16    XL:     3   Next: 52%
Magic:  3/3        EV: 10    Int: 12    God:
Gold:   65         SH:  0    Dex: 10    Spells: 2/2 levels left

rFire    . . .     SeeInvis .   n - +0 whip
rCold    . . .     Gourm    .   b - +0 robe
rNeg     . . .     Faith    .   (no shield)
rPois    .         Spirit   .   (helmet restricted)
rElec    .         Reflect  .   (no cloak)
rCorr    +         Harm     .   (gloves unavailable)
MR       .....                  (boots unavailable)
Stlth    +.........             (no amulet)
Regen    0.2/turn               (no ring)
MPRegen  0.1/turn               k - ring of resist corrosion

@: no status effects
A: unfitting armour, tough skin 1
a: no special abilities


You were on level 2 of the Dungeon.
You were not hungry.

You visited 1 branch of the dungeon, and saw 2 of its levels.

You collected 65 gold pieces.

Inventory:

Hand Weapons
 n - a +0 whip (weapon)
Missiles
 c - 2 large rocks (quivered)
 d - 3 throwing nets
Armour
 b - a +0 robe (worn)
Jewellery
 i - an uncursed ring of ice
 k - a ring of resist corrosion (left hand)
Scrolls
 a - a scroll of immolation {unknown}
 e - 2 scrolls of teleportation {unknown}
 l - a scroll of fog {unknown}
 q - a scroll of enchant armour {unknown}
Potions
 g - 2 potions of degeneration {unknown}
 h - a potion of invisibility {unknown}
 j - 3 potions of mutation {unknown}
 m - a potion of brilliance {unknown}
Comestibles
 f - 2 bread rations
 o - 4 chunks of flesh
 p - a meat ration


   Skills:
 + Level 3.5 Fighting
 * Level 0.8 Maces & Flails
 + Level 4.2 Throwing
 - Level 0.4 Armour
 + Level 2.2 Dodging
 - Level 0.6 Stealth


You had 2 spell levels left.
You didn't know any spells.

Dungeon Overview and Level Annotations

Branches:
Dungeon (2/15)

Altars:


Innate Abilities, Weirdness & Mutations

You are too large for most types of armour.
You have tough skin. (AC +1)


Message History

The large rock completely misses the gnoll.
The gnoll hits you! The gnoll closely misses you. The gnoll hits you!
* * * LOW HITPOINT WARNING * * *
Throwing (i - inventory. (,) - cycle):
c - 4 large rocks (quivered)
Press: ? - help, Shift-Dir - straight line, f/p - gnoll
Aim: a gnoll (heavily wounded)
You throw a large rock. The large rock hits the gnoll!
You kill the gnoll!
The gnoll hits you from afar with a spear.
* * * LOW HITPOINT WARNING * * *
The gnoll barely misses you.
Throwing (i - inventory. (,) - cycle):
c - 3 large rocks (quivered)
Press: ? - help, Shift-Dir - straight line, f - gnoll
Aim: a gnoll, wielding a spear You throw a large rock.
The large rock hits the gnoll.
The gnoll is moderately wounded.
The gnoll hits you from afar with a spear.
* * * LOW HITPOINT WARNING * * *
The gnoll hits you from afar with a spear.
You die...

#.......#...# ... #.#
#.....#.(.# .... #.####
#<..#..?#... #.....
#.###...#.# ###### #..
#.รท...#>#
...###......###########
##.. #g####............
#..##(# ###########
#..##@# ...........
#..##.#########.....##
#.....................
###..#.###...........##
#..^...# #...........#
#......# #...........#
#......# #...........#
#......# #...........#
#(.....# #######.....#


You could see a gnoll.

Vanquished Creatures
  A gnoll (D:2)
  An ooze (D:1)
  A worm (D:2)
  A bat (D:1)
  A giant cockroach (D:1)
  3 goblins (D:1)
  A hobgoblin (D:1)
  4 jackals (D:2)
  A frilled lizard (D:1)
  6 kobolds (D:1)
  4 rats
24 creatures vanquished.

Notes
Turn   | Place    | Note
-------+----------+-------------------------------------------
     0 | D:1      | FrozenPanda the Ogre Hunter began the quest for the Orb.
     0 | D:1      | Reached XP level 1. HP: 22/22 MP: 1/1
   297 | D:1      | Reached XP level 2. HP: 19/31 MP: 2/2
  1255 | D:2      | Reached XP level 3. HP: 11/37 MP: 3/3
  1537 | D:2      | Slain by a gnoll

Vault maps used:
D:1:      ncdulo_watergridlock, hangedman_decor_peaks_small
D:2:      marbit_many_paths, chequers_ecumenical_altar_island,
          serial_park_tiny_1

Skill      XL: |  1 |
---------------+----+-----
Fighting       | 3 |  3.5
Dodging        | 2 |  2.2
Maces & Flails | |  0.8
Throwing       | |  4.2
Armour         | |  0.4
Stealth        | |  0.6

Action                   || total
-------------------------++-------
Melee: Short sword       ||    25
       Whip              ||    70
Throw: Large rock        ||    14
 Stab: Sleeping          ||     1
  Eat: Chunk             ||     2
Armor: Robe              ||    17
Dodge: Dodged            ||    51
